 Dungeon Crawl Stone Soup version 0.31-a0-182-gc5ef74bbde (webtiles) character file.

Game seed: 7903917847358868133

287 lunkers the Ruffian (level 6, -4/51 HPs)
             Began as a Meteoran Fighter on June 21, 2023.
             Was an Initiate of Gozag.
             Slain by a gnoll
             ... wielding a +0 spear
             ... led by a gnoll bouda
              (6 damage)
             ... on level 4 of the Dungeon.
             The game lasted 00:06:08 (1424 turns).

lunkers the Ruffian (Meteoran Fighter)              Turns: 1424, Time: 00:06:08

Health: -4/51      AC:  8    Str: 19    XL:     6   Next: 87%
Magic:  7/7        EV:  9    Int: 11    God:    Gozag
Gold:   365        SH: 10    Dex: 13    Spells: 5/5 levels left

rFire   . .          .
                       - Unarmed
rCold   . . .        b - +0 buckler
rNeg    . . .        a - +0 scale mail
rPois   .            (no helmet)
rElec   .            (no cloak)
rCorr   .            f - +0 pair of gloves
SInv    .            (no boots)
Will    .....        o - amulet of reflection Stlth
                     (no ring)
HPRegen 0.28/turn    (no ring)
MPRegen 0.10/turn

%: reflection
@: mighty, glowing
A: sense surroundings 1, otherworldly, glowing, explore regen
a: Renounce Religion, Potion Petition, Call Merchant, Bribe Branch


You were on level 4 of the Dungeon.
You worshipped Gozag.
Gozag was aware of your devotion.
You visited 1 branch of the dungeon, and saw 4 of its levels.

You collected 365 gold pieces.

Inventory:

Armour
 a - a +0 scale mail (worn)
 b - a +0 buckler (worn)
 f - a +0 pair of gloves (worn)
 h - a +0 kite shield
 q - an orb of light
Jewellery
 o - an amulet of reflection (around neck)
Scrolls
 g - a scroll of revelation
 n - a scroll of teleportation
Potions
 d - a potion of curing {unknown}
 e - 2 potions of haste {unknown}
 i - 3 potions of enlightenment
 j - 2 potions of attraction {unknown}
 k - a potion of mutation {unknown}
 l - a potion of resistance {unknown}
 m - a potion of ambrosia {unknown}
 p - a potion of heal wounds {unknown}


   Skills:
 - Level 3.2 Fighting
 - Level 3.6 Armour
 - Level 3.6 Shields
 + Level 7.8 Unarmed Combat


You had 5 spell levels left.
You didn't know any spells.
Your spell library was empty.

Dungeon Overview and Level Annotations

Branches:
Dungeon (4/15) Zot: 990    Temple (0/1) D:4

Altars:
Gozag


Innate Abilities, Weirdness & Mutations

You passively map a small area around you.
You are easily found by Zot.
You glow in the dark.
You regain HP and MP as you explore.


Message History

The black bear is no longer distracted by gold.
The gnoll is no longer moving quickly.
You punch the endoplasm!
You kill the endoplasm!
The gnoll hits you with a +0 spear!
* * * LOW HITPOINT WARNING * * *
Things that are here:
21 gold pieces; a +0 flail; a +0 flail You punch the gnoll!
The gnoll is heavily wounded.
You block the gnoll's attack.
You hit the gnoll but do no damage.
The gnoll is heavily wounded.
A dart slug comes into view.
You hit the gnoll.
The gnoll is severely wounded.
Your attacks no longer feel as feeble.
The gnoll hits you with a +0 spear.
* * * LOW HITPOINT WARNING * * *
You hit the gnoll but do no damage.
The gnoll is severely wounded.
The gnoll hits you with a +0 spear.
* * * LOW HITPOINT WARNING * * *
You feel very mighty all of a sudden. You block the gnoll's attack.
The black bear is distracted by your dazzling golden aura.
Unknown command.
You barely miss the gnoll.
The gnoll is heavily wounded.
The black bear growls angrily.
The gnoll barely misses you.
You closely miss the gnoll.
The gnoll is heavily wounded.
The black bear is no longer distracted by gold.
You block the gnoll's attack.
You barely miss the gnoll.
The gnoll is heavily wounded.
The gnoll hits you with a +0 spear.
You die...
Your body crumbles into a pile of gold.

#......###.###......
,#......###.# *
..... .....##..##.#
*,,.... ...# ##.##.#
#... * , ..#,,*
#....# . .. *###.###
* #.##....# ~ ,,
.#.......##### * *
.....<.wghg@.# ~ * ,
##.###..###### ~ ,*
# #...# * * #...###
~ * #..g..### ~ ~
#...#g..# ,
#...###J#* * * ,
######..#####.# ,,
.........$.gggh.


You could see a black bear, 2 gnolls and a dart slug.

Vanquished Creatures
  A kobold brigand (D:4)
  A gnoll bouda (D:4)
  A sleepcap (D:4)
  Robin (D:4)
  3 gnolls (D:4)
  3 adders
  2 dart slugs
  3 orcs (D:4)
  5 ball pythons
  11 endoplasms
  5 giant cockroaches
  12 hobgoblins
  3 quokkas (D:1)
  3 bats
  4 frilled lizards
  15 goblins
  6 kobolds
  2 rats
81 creatures vanquished.

Notes
Turn   | Place    | Note
-------+----------+-------------------------------------------
     0 | D:1      | lunkers the Meteoran Fighter began the quest for the Orb.
     0 | D:1      | Reached XP level 1. HP: 19/19 MP: 2/2
    74 | D:1      | Reached skill level 3 in Unarmed Combat
    74 | D:1      | Reached XP level 2. HP: 26/26 MP: 3/3
   393 | D:1      | Reached XP level 3. HP: 30/31 MP: 4/4
   398 | D:1      | Reached skill level 4 in Unarmed Combat
   734 | D:3      | Reached XP level 4. HP: 33/38 MP: 5/5
   832 | D:3      | Identified the +0 chain mail "Hoes" {rElec Int+5}
   843 | D:3      | Found a faded altar of an unknown god.
   851 | D:3      | Reached skill level 5 in Unarmed Combat
   860 | D:3      | Prayed at the altar of an unknown god.
   860 | D:3      | Became a worshipper of Gozag Ym Sagoz the Greedy
  1096 | D:4      | Reached XP level 5. HP: 40/45 MP: 6/6
  1143 | D:4      | Reached skill level 6 in Unarmed Combat
  1148 | D:4      | Noticed a kobold brigand
  1160 | D:4      | Killed a kobold brigand
  1161 | D:4      | Reached XP level 6. HP: 47/51 MP: 7/7
  1202 | D:4      | Noticed Robin
  1219 | D:4      | Reached skill level 7 in Unarmed Combat
  1240 | D:4      | Killed Robin
  1303 | D:4      | Found a staircase to the Ecumenical Temple.
  1375 | D:4      | Noticed a black bear
  1420 | D:4      | HP: 1/51 [gnoll/+0 spear[a gnoll bouda] (2)]
  1424 | D:4      | Slain by a gnoll

Illustrated notes

Levels and vault maps discovered:
D:1:      dpeg_arrival_tiny_k, layout_loops_corners
D:2:      layout_basic
D:3:      layout_rooms, ebering_ecumenical_altar_abandoned, serial_bayou_pond_c
D:4:      kennysheep_spiral_hall, layout_rooms, minmay_temple_entry_hall,
          gup_sewer_entry_bubbles, serial_shops, nicolae_shop_mannequins,
          minmay_fire_ice_demons, uniq_robin

Skill      XL: |  1  2  3  4  5  6 |
---------------+-------------------+-----
Unarmed Combat | 3 4 5 6 7 |  7.8
Fighting       | |  3.2
Armour         | |  3.6
Shields        | |  3.6

Action                     |  1- 3 |  4- 6 || total
---------------------------+-------+-------++-------
  Melee: Unarmed           |    89 |   182 ||   271
    Use: Scroll            |       |     7 ||     7
         Potion            |       |     1 ||     1
 Armour: Scale mail        |    39 |    53 ||    92
  Dodge: Dodged            |    29 |    32 ||    61
  Block: Buckler           |    12 |    62 ||    74

Table legend: (Time is in decaauts)
 A = Elapsed time spent in this place.
 B = Non-inter-level travel time spent in this place.
 C = Inter-level travel time spent in this place.
 D = Time resting spent in this place.
 E = Time spent auto-exploring this place.
 F = Levels seen in this place.
 G = Mean time per level.
                   A        B        C        D        E       F      G
               +--------+--------+--------+--------+--------+-----+--------+
         Total |   1408 |   1372 |     36 |      0 |    804 |   4 |  352.0 |
       Dungeon |   1408 |   1372 |     36 |      0 |    804 |   4 |  352.0 |
               +--------+--------+--------+--------+--------+-----+--------+

Top non-repeatable levels by time:
     D:1: 416 daAuts
     D:4: 367 daAuts
     D:3: 313 daAuts
     D:2: 311 daAuts
